[Event "7th Salamanca Festival 2024"]
[Site "Salamanca"]
[Date "2024.05.23"]
[Round "4.1"]
[White "Calzetta Ruiz, Monica"]
[Black "Iturrizaga Bonelli, Eduardo"]
[Result "0-1"]
[ECO "B43"]
[WhiteElo "2244"]
[BlackElo "2591"]
[Annotator "TA"]
[PlyCount "78"]
[EventDate "2024.05.18"]
[EventType "tourn"]
[EventCountry "ESP"]
[SourceTitle "playchess.com"]
[Source "ChessBase"]
[SourceQuality "1"]
[TimeControl "2400+5"]

1. e4 c5 2. Nf3 e6 3. d4 cxd4 4. Nxd4 a6 5. Nc3 b5 6. Bd3 Bb7 7. O-O b4 8. Na4 Nc6 9. Nxc6 Bxc6 {[%emt 0:00:02] The position is equal.} 10. c4 bxc3 11. Nxc3 Bc5 12. Qe2 Qb6 13. Nd5 Bxd5 (13... exd5 $2 14. exd5+ Ne7 15. dxc6 dxc6 16. b4 $18) 14. exd5 Nf6 15. dxe6 fxe6 16. Bg5 {[%emt 0:00:12][%cal Od3h7] A strong pair of Bishops.} O-O 17. Bxf6 gxf6 {[%emt 0:00:03] [#]} (17... Rxf6 $14 18. Bxh7+ Kh8) 18. Rac1 (18. Qg4+ $1 $16 Kh8 19. Bxh7) 18... f5 $1 $11 19. Rc4 Bd4 20. b3 a5 21. Rfc1 Kh8 22. Kf1 (22. Qf3 {feels hotter.} Rg8 23. Qf4 Rg4 24. Rc8+) 22... Rg8 23. Qf3 Raf8 24. Rc7 Qd6 25. g3 Bb6 26. Rb7 Rg7 27. Bb5 e5 28. Qd1 {[%emt 0:03:15] [#]} (28. Bxd7 $11 {keeps the balance.} e4 (28... Rxd7 29. Rc6 $14) 29. Qc3) 28... Qh6 $1 $17 {[%emt 0:02:44] White must now prevent ...f4.} 29. Bxd7 {[%emt 0:01:09] White does not recover from this.} (29. Rxd7 $17 {was forced.} Qh3+ 30. Ke1 Qxh2 (30... Bxf2+ $2 31. Kxf2 Qxh2+ 32. Ke1 $19) 31. Rc2 Qh1+ 32. Kd2 (32. Ke2 Qg2 $17) 32... Rxd7+ 33. Bxd7 Qxd1+ 34. Kxd1) 29... Bxf2 $1 $19 30. Rc8 $2 (30. Bc6 f4 (30... Qxh2 $2 {loses.} 31. Qd6 $18) 31. Qf3 (31. Kxf2 $2 {perishes.} Qxh2+ 32. Kf3 Qxg3+ 33. Ke4 Qe3+ 34. Kd5 Rd8+ 35. Kc4 Rxd1 $19) (31. Rxg7 $2 fxg3 $19)) 30... Qh3+ 31. Kxf2 Qxh2+ 32. Kf1 Qh3+ 33. Ke2 Qg2+ 34. Ke1 Qxg3+ 35. Kd2 {[%emt 0:00:01] [#]} Rxd7+ $1 36. Rxd7 Rxc8 37. Qh5 Qf2+ {[%emt 0:00:31] Black mates.} 38. Kd1 Qf1+ ({Stronger than} 38... Qxa2 39. Qxh7#) 39. Kd2 Qc1+ {[%emt 0:00:01] Weighted Error Value: White=0.65/Black=0.06 (flawless) .  Mistake:       	White=4     	Black=1      Inaccurate:     	White=2     	Black=2      OK:         	White=5     	Black=10     Strong:       	---       	Black=3} 0-1

[Event "7th Salamanca Festival 2024"]
[Site "Salamanca"]
[Date "2024.05.23"]
[Round "4.2"]
[White "Adams, Michael"]
[Black "Muzychuk, Mariya"]
[Result "0-1"]
[ECO "C77"]
[WhiteElo "2677"]
[BlackElo "2510"]
[Annotator "TA"]
[PlyCount "84"]
[EventDate "2024.05.18"]
[EventType "tourn"]
[EventCountry "ESP"]
[SourceTitle "playchess.com"]
[Source "ChessBase"]
[SourceQuality "1"]
[TimeControl "2400+5"]

1. e4 e5 2. Nf3 Nc6 3. Bb5 a6 4. Ba4 Nf6 5. d3 b5 6. Bb3 Bc5 7. a4 Rb8 8. Be3 Bxe3 9. fxe3 O-O {[%emt 0:00:08] The position is equal.} 10. axb5 axb5 11. O-O d6 12. Nc3 Ne7 13. Nh4 Be6 14. Bxe6 fxe6 15. Qd2 d5 16. exd5 exd5 17. Nf5 b4 {[%emt 0:04:11] [#] Threatens to win with ...Nxf5.} 18. Ne2 Nxf5 19. Rxf5 Qd6 20. Ng3 Ra8 21. Raf1 g6 22. R5f3 Nd7 23. Rxf8+ Rxf8 24. Rxf8+ Qxf8 $11 {[%emt 0:00:23][%mdl 4096] Endgame. KQN-KQN} 25. e4 d4 26. Nf1 c5 27. b3 Qf6 28. Qd1 h5 29. Nd2 Kf7 30. g3 Ke7 31. Kg2 Qe6 32. Nc4 Nb6 33. Nb2 Nd7 34. Qd2 Qf6 35. Qh6 Kf7 36. Nc4 Nf8 37. Qc1 Nd7 38. Qa1 g5 39. h3 h4 40. Qd1 {[%emt 0:00:58] Qh5+ would now be deadly.} hxg3 41. Qh5+ Kg7 {[%emt 0:00:31] ( -> ...Qf2+)} 42. Qg4 $2 {[%emt 0:00:02][%mdl 8192] [#]} (42. Qf3 $11) 42... Qf2+ {[%emt 0:00:03] Weighted Error Value: White=0.25 (precise) /Black=0.06 (flawless) .  Loses game:     	White=1     	---        Inaccurate:     	White=1     	Black=1      OK:         	White=11    	Black=10     Best:        	---       	Black=1} 0-1

[Event "7th Salamanca Festival 2024"]
[Site "Salamanca"]
[Date "2024.05.23"]
[Round "4.3"]
[White "Alekseenko, Kirill"]
[Black "Paehtz, Elisabeth"]
[Result "1-0"]
[ECO "B30"]
[WhiteElo "2679"]
[BlackElo "2457"]
[Annotator "TA"]
[PlyCount "97"]
[EventDate "2024.05.18"]
[EventType "tourn"]
[EventCountry "ESP"]
[SourceTitle "playchess.com"]
[Source "ChessBase"]
[SourceQuality "1"]
[TimeControl "2400+5"]

1. e4 c5 2. Nf3 Nc6 3. Nc3 e5 4. Bc4 g6 5. d3 h6 6. a3 {[%emt 0:00:19] B30: Sicilian: 2...Nc6 3 Bb5, lines without ...g6.} Nf6 7. O-O d6 8. h3 Bg7 9. b4 $146 ({Predecessor:} 9. Rb1 O-O 10. Be3 Kh7 11. b4 b6 12. Qd2 Nd4 13. Nh2 g5 14. f3 Nh5 15. Nd1 {0-1 Bettendorf,H-Singbeil,H Ruhrgebiet VL2 9899 1998 (8)}) 9... b6 10. Rb1 O-O 11. Nd5 Be6 12. bxc5 bxc5 13. Ne3 Qd7 14. Bd2 Rab8 15. Bxe6 Qxe6 16. c4 Rxb1 17. Qxb1 Rb8 18. Qc2 Nd4 19. Nxd4 exd4 20. Nd1 Nh5 21. f4 f5 22. Nf2 Ng3 23. Re1 fxe4 24. Nxe4 Nxe4 25. Rxe4 Qd7 26. Qd1 Re8 (26... Bf8 $11 {keeps the balance.}) 27. Rxe8+ Qxe8 28. a4 Qd7 {[%emt 0:00:34] [#]} (28... Kh7 $142) 29. a5 $1 $16 Kh7 {[%emt 0:01:07] [#]} 30. Qf3 $1 h5 (30... Qc8 $16 31. Kf2 h5) 31. g4 hxg4 32. hxg4 a6 33. Kf2 Qa4 $2 (33... Qe7 $16 34. Kf1 Qe6) 34. f5 $18 gxf5 35. Qxf5+ Kh8 36. Qh5+ (36. Qc8+ $142 Kh7 37. g5 (37. Qxa6 Qd1 $11)) 36... Kg8 $18 37. Qd5+ (37. Qg6 $142 Kh8 38. Qxd6) 37... Kh7 38. Qe4+ (38. Qxd6 Qd1 39. Qf4 Kg8 $18) 38... Kh8 39. Bf4 Qc2+ $2 (39... Be5 {was necessary.}) 40. Kg3 $18 Qd1 $2 (40... Qb1 41. Kh4 (41. Bxd6 Qg1+ 42. Kh4 Qf2+ 43. Kh5 Qf7+ 44. Qg6 Qg8 $18) 41... Qb8) 41. Kh4 $18 (41. Bxd6 Qd2 42. Bxc5 Qxa5 $18) 41... Qa4 42. Bxd6 Qxa5 43. Qe8+ Kh7 44. g5 Qd2 45. Qe4+ ({Inferior is} 45. Bxc5 Qf4+ (45... Qxd3 46. Qh5+ Kg8 47. Qe8+ Kh7 48. Qh5+ Kg8 49. Qe8+ Kh7 $11) 46. Kh5 Qh2+ 47. Kg4 Qg2+ 48. Kf4 Qh2+ 49. Kg4 Qg2+ 50. Kf4 Qf1+ 51. Kg4 Qg2+ $11) 45... Kg8 46. Bf4 ({Less strong is} 46. Bxc5 Qh2+ 47. Kg4 Qg1+ 48. Kf5 Qf1+ 49. Ke6 Qf7+ 50. Kd6 Qf8+ 51. Kc6 Qa8+ 52. Kb6 Qxe4 53. dxe4 a5 $18) 46... Qf2+ 47. Kh5 Kf8 48. Kg6 Qf1 49. Qf5+ 1-0

[Event "7th Salamanca Festival 2024"]
[Site "Salamanca"]
[Date "2024.05.23"]
[Round "4.4"]
[White "Salimova, Nurgyul"]
[Black "Ponomariov, Ruslan"]
[Result "0-1"]
[ECO "D03"]
[WhiteElo "2436"]
[BlackElo "2646"]
[Annotator "TA"]
[PlyCount "92"]
[EventDate "2024.05.18"]
[EventType "tourn"]
[EventCountry "ESP"]
[SourceTitle "playchess.com"]
[Source "ChessBase"]
[SourceQuality "1"]
[TimeControl "2400+5"]

1. d4 Nf6 2. Bg5 d5 3. Nd2 e6 4. e3 h6 5. Bh4 c5 6. Ngf3 Nc6 7. c3 Qb6 8. Rb1 g5 9. Bg3 Nh5 {[%emt 0:00:02] White is slightly better.} 10. Be5 Rg8 11. g4 (11. h3 $14) 11... f6 (11... cxd4 $1 $11 {keeps the balance.} 12. Bxd4 (12. gxh5 dxe3 13. fxe3 g4 $17) 12... Nxd4 13. cxd4 Nf6) 12. dxc5 $16 Bxc5 13. Bd4 Bxd4 14. cxd4 Ng7 15. Qc2 (15. h4 {simplifies} Bd7 16. b4 O-O-O 17. hxg5 hxg5 18. Rh6) 15... Kf7 {[%emt 0:03:20] Wards off Qg6+} 16. h4 {[%emt 0:01:07] [#] Qh7 is the strong threat.} Bd7 $1 17. hxg5 hxg5 18. Rh6 Ne7 {[%emt 0:01:09] Wards off Qg6+} 19. e4 {[%emt 0:01:36] Black must now prevent e5.} Rh8 20. Rxh8 Rxh8 21. e5 f5 22. Nxg5+ Ke8 (22... Kf8 {simplifies} 23. gxf5 Ngxf5 24. Qb3 Nxd4 25. Qxb6 axb6 26. Ndf3 Nxf3+ 27. Nxf3 Nc6) 23. Rc1 {[%emt 0:05:59] White is now going downhill.} ({Only move:} 23. gxf5 $1 $15 Ngxf5 24. Qb3) 23... fxg4 $17 24. Nh7 (24. Qc7 Nc6 25. Qxb6 axb6) 24... Ngf5 (24... Qxd4 $6 25. Nf6+ Kf7 26. Nxd7 $11) 25. Nf6+ Kd8 26. Nb3 (26. Qc5 $17 {keeps fighting.}) 26... Ba4 $19 {[%emt 0:01:08] ...Rh1 would now be deadly.} (26... Nxd4 $2 {loses.} 27. Nxd4 a6 28. Nb3 $18) 27. Qc5 Bxb3 28. axb3 Nxd4 29. Qxb6+ axb6 30. Nxg4 Rh4 31. Ne3 Nec6 ({Don't do} 31... Nxb3 32. Rc3 Nc5 33. Nd1 $19) 32. Ra1 Nxe5 33. Ra7 Kc8 (33... Nxb3 34. Rxb7 d4 35. Rxb6 dxe3 36. Rb8+ Kc7 37. Rxb3 Nf3+ 38. Kd1 $17) 34. Ra8+ Kc7 35. b4 $2 (35. Rf8) 35... Rh1 {[%emt 0:01:16] Threatens to win with ...Ndf3+. Black is clearly winning.} 36. Rg8 Ndf3+ {[%emt 0:00:25] A dynamic duo of knights.} 37. Ke2 d4 38. Rg7+ Kb8 39. Rg8+ Ka7 {[%emt 0:00:03] ( -> ...d3+)} 40. Nd1 d3+ 41. Ke3 Rxf1 42. Nc3 {[%emt 0:00:01] [#]} b5 $1 {[%emt 0:00:19] aiming for ...Re1+.} 43. Nxb5+ (43. Kf4 Rxf2) 43... Kb6 44. Nc3 Re1+ 45. Kf4 d2 46. Rd8 Kc7 {[%emt 0:00:12] Weighted Error Value: White=0.54/Black=0.12 (very precise) .  Mistake:       	White=4     	Black=1      Inaccurate:     	White=4     	---        OK:         	White=11    	Black=15     Best:        	White=3     	Black=4      Strong:       	---       	Black=1} 0-1

[Event "7th Salamanca Festival 2024"]
[Site "Salamanca"]
[Date "2024.05.24"]
[Round "5.1"]
[White "Ponomariov, Ruslan"]
[Black "Calzetta Ruiz, Monica"]
[Result "1-0"]
[ECO "B38"]
[WhiteElo "2646"]
[BlackElo "2244"]
[Annotator "TA"]
[PlyCount "81"]
[EventDate "2024.05.18"]
[EventType "tourn"]
[EventCountry "ESP"]
[SourceTitle "playchess.com"]
[Source "ChessBase"]
[SourceQuality "1"]
[TimeControl "2400+5"]

1. e4 c5 2. Nf3 Nc6 3. d4 cxd4 4. Nxd4 g6 5. c4 Nf6 6. Nc3 d6 7. Be2 Bg7 8. Be3 O-O 9. O-O Bd7 10. Qd2 Nxd4 11. Bxd4 Bc6 12. f3 Nd7 13. Be3 a5 14. b3 Nc5 15. Rab1 e6 16. Nd1 b6 17. Bg5 Qc7 18. Nf2 {[%emt 0:00:21] White is slightly better.} f6 19. Bh4 Rfd8 20. Ng4 g5 (20... Qe7 $11) 21. Bf2 $16 Qe7 22. Rfe1 {[%emt 0:01:14] White is more active.} h5 23. Ne3 Bh6 {[%emt 0:00:41] White leaves nothing to chance now.} 24. Nc2 Qg7 25. Be3 Rac8 26. Nd4 Bd7 {[%emt 0:01:09] [#]} (26... h4 $16 27. a3 Be8) 27. a3 $1 $18 Kh8 (27... Be8 {is a better defense.} 28. b4 axb4) 28. b4 axb4 29. axb4 Nb7 30. Ra1 Ra8 31. Nb3 Ba4 32. Bxb6 Bxb3 (32... Rdb8 {was necessary.} 33. Nd4 g4) 33. Bxd8 Rxd8 34. Qc3 g4 35. fxg4 (35. Qxb3 g3 36. h3 Bf4 $18) 35... f5 36. Qxb3 fxg4 37. Kh1 Bf4 38. Ra7 Rd7 {[%emt 0:00:03] [#]} 39. c5 $1 Qd4 (39... dxc5 40. Qxe6) 40. Qxe6 dxc5 41. Bc4 {[%emt 0:00:43] Weighted Error Value: White=0.03 (flawless) /Black=0.63.  Mistake:       	---       	Black=4      Inaccurate:     	---       	Black=3      OK:         	White=16    	Black=3      Best:        	White=1     	---        Strong:       	White=1     	---} (41. Rf1 $142 Rd8 42. Rxb7 (42. Rxf4 Qd6 43. Qf7 Rd7 44. Ra8+ Nd8 45. Rxd8+ Rxd8 46. Qxh5+ Kg8 47. Bc4+ Qd5 48. Bxd5+ Rxd5 49. Qg6+ Kh8 50. Rf8#) 42... Qd6 43. Qf7 (43. Qxd6 Bxd6 44. Rf5 Rf8 45. Rxh5+ Kg8 46. Bc4+ Rf7 47. Rxf7 Be7 48. Rxe7+ Kf8 49. Ra7 cxb4 50. Rh8#) 43... Rd7 44. Rxd7 (44. Qxd7 Qxd7 45. Rxd7 Bh6 46. Rff7 Bg7 47. Rxg7 cxb4 48. Rge7 h4 49. Re8#) (44. Qe8+ Kg7 45. Rxd7+ Qxd7 46. Qxd7+ Kh6 47. Rxf4 cxb4 48. Qe6+ Kh7 49. Rf7+ Kh8 50. Qe8#) 44... Qxd7 45. Qxd7 Bh6 46. Rf7 (46. bxc5 Bg7 47. Rf7 h4 48. Rxg7 g3 49. Rh7+ Kg8 50. Qg7#) 46... Bg7 47. Rxg7 cxb4 48. Rh7+ Kg8 49. Qg7#) 1-0

[Event "7th Salamanca Festival 2024"]
[Site "Salamanca"]
[Date "2024.05.24"]
[Round "5.2"]
[White "Paehtz, Elisabeth"]
[Black "Salimova, Nurgyul"]
[Result "1/2-1/2"]
[ECO "D02"]
[WhiteElo "2457"]
[BlackElo "2436"]
[Annotator "RC"]
[PlyCount "120"]
[EventDate "2024.05.18"]
[EventType "tourn"]
[EventCountry "ESP"]
[SourceTitle "playchess.com"]
[Source "ChessBase"]
[SourceQuality "1"]
[TimeControl "2400+5"]

1. d4 Nf6 2. Nf3 d5 3. c3 c5 4. dxc5 e6 5. Be3 Nc6 6. b4 Be7 7. g3 Ng4 8. Bc1 O-O 9. Bg2 b6 10. cxb6 Qxb6 11. O-O a5 12. h3 Nf6 13. Be3 Qb8 14. bxa5 Nxa5 15. Nbd2 Ba6 16. Bd4 Nc6 17. Nb3 Nxd4 18. cxd4 Ne4 19. Ne5 Nc3 20. Qd2 Nxe2+ 21. Kh2 Rc8 22. Nd7 Qd6 23. Ne5 Nc3 24. Rfe1 Ne4 25. Bxe4 dxe4 26. Rac1 f6 27. Ng4 h5 28. Ne3 Bd3 29. Rxc8+ Rxc8 30. Rc1 Rxc1 31. Qxc1 h4 32. Qc8+ Kf7 33. Qh8 hxg3+ 34. fxg3 f5 35. Qh5+ Kg8 36. Qe8+ Bf8 37. Nc5 f4 38. Ng4 fxg3+ 39. Kg2 Qf4 40. Qxe6+ Kh8 41. Nxd3 Qf3+ 42. Kg1 exd3 43. Qe3 Qd1+ 44. Kg2 Qc2+ 45. Kxg3 d2 46. Nf2 d1=Q 47. Nxd1 Qxd1 48. Qe8 Qd3+ 49. Kg2 Qf5 50. a4 Kh7 51. Qe5 Qg6+ 52. Kf3 Qd3+ 53. Kg4 Qd1+ 54. Kg3 Qb3+ 55. Kg4 Qd1+ 56. Kg3 Qg1+ 57. Kf3 Qf1+ 58. Kg3 Qg1+ 59. Kf3 Qf1+ 60. Kg3 Qg1+ 1/2-1/2

[Event "7th Salamanca Festival 2024"]
[Site "Salamanca"]
[Date "2024.05.24"]
[Round "5.3"]
[White "Muzychuk, Mariya"]
[Black "Alekseenko, Kirill"]
[Result "0-1"]
[ECO "E47"]
[WhiteElo "2510"]
[BlackElo "2679"]
[Annotator "TA"]
[PlyCount "85"]
[EventDate "2024.05.18"]
[EventType "tourn"]
[EventCountry "ESP"]
[SourceTitle "playchess.com"]
[Source "ChessBase"]
[SourceQuality "1"]
[TimeControl "2400+5"]

1. d4 Nf6 2. c4 e6 3. Nc3 Bb4 4. e3 O-O 5. Bd3 d6 6. Nge2 c6 7. O-O e5 8. Qc2 {[%emt 0:01:24] E47: Nimzo-Indian: Rubinstein: 5 Bd3 without ...d5.} Ba5 9. a3 Re8 10. b4 Bc7 11. Bb2 Nbd7 12. Ng3 Nf8 (12... exd4 $11 {remains equal.} 13. Nce4 Nxe4 14. Bxe4 Nf6) 13. Rad1 $146 (13. dxe5 $16 dxe5 14. a4) ({Predecessor:} 13. dxe5 dxe5 14. Rad1 Qe7 15. Bf5 Be6 16. Bxe6 Qxe6 17. Nce4 N6d7 18. c5 Rab8 19. Nd6 {½-½ Schafranietz,S-Otto,N Theme 22752 freechess.de 2020}) 13... exd4 $11 14. exd4 d5 15. cxd5 cxd5 16. Rfe1 Bg4 17. Be2 Bxe2 18. Ncxe2 Ne6 19. Qd3 a5 20. b5 a4 21. Rc1 g6 22. Rc2 h5 23. h3 Qd7 24. Rec1 Bd6 25. Nf1 (25. Rb1 $142) 25... h4 ({Black should play} 25... Ra5 $17 26. Nc3 Nf4) 26. Rb1 $15 Nh5 27. Bc1 $1 Rac8 28. Nh2 $2 (28. Rxc8 $11 {and White stays safe.} Qxc8 (28... Rxc8 29. Qd1 $15) 29. Qd1) 28... Bxh2+ $19 29. Kxh2 Qd6+ 30. f4 Nexf4 ({Don't take} 30... Nhxf4 31. Nxf4 Nxf4 32. Bxf4 Qxf4+ 33. Kh1 Rxc2 34. Qxc2 $19) 31. Bxf4 Nxf4 32. Nxf4 Qxf4+ 33. Kh1 Rxc2 34. Qxc2 Qxd4 35. Rd1 Qc4 36. Qxc4 dxc4 37. Rd7 c3 38. Rc7 Re5 39. b6 Rb5 ({Inferior is} 39... Re1+ 40. Kh2 $11) 40. Rxc3 Rxb6 41. Rc4 Rb1+ 42. Kh2 b5 43. Rc6 0-1

[Event "7th Salamanca Festival 2024"]
[Site "Salamanca"]
[Date "2024.05.24"]
[Round "5.4"]
[White "Iturrizaga Bonelli, Eduardo"]
[Black "Adams, Michael"]
[Result "1/2-1/2"]
[ECO "E11"]
[WhiteElo "2591"]
[BlackElo "2677"]
[Annotator "TA"]
[PlyCount "89"]
[EventDate "2024.05.18"]
[EventType "tourn"]
[EventCountry "ESP"]
[SourceTitle "playchess.com"]
[Source "ChessBase"]
[SourceQuality "1"]
[TimeControl "2400+5"]

1. c4 Nf6 2. g3 e6 3. Bg2 d5 4. d4 Bb4+ 5. Bd2 Be7 6. Nf3 O-O 7. O-O Nbd7 8. Qc2 c6 9. Bf4 b6 10. Nbd2 Nh5 11. e3 (11. cxd5 {with more complications.} Nxf4 12. Qxc6 Nxe2+ 13. Kh1) 11... Nxf4 12. exf4 Bb7 13. cxd5 cxd5 14. Rfe1 Rc8 15. Qb3 Nb8 16. Ne5 Nc6 17. Nxc6 Bxc6 18. Nf3 Qd6 19. a3 Rfd8 20. Bf1 Rc7 21. Bd3 Bf6 22. Ne5 Be8 23. h4 b5 24. f5 (24. Bxb5 $2 {too greedy.} Rb8 25. a4 a6 $19) 24... exf5 25. Bxf5 g6 26. Bh3 Re7 27. Qc3 Qc7 28. Qxc7 Rxc7 29. Rac1 Rxc1 30. Rxc1 Bxe5 31. dxe5 $11 {[%emt 0:00:02][%mdl 4096] Endgame. KRB-KRB} d4 32. Rc8 Rxc8 33. Bxc8 $14 {[%emt 0:00:01] KB-KB} f6 34. exf6 {[%emt 0:02:46] [#] g4 would now be deadly.} Kf7 35. Kf1 {[%emt 0:00:13] Strongly threatening b4.} Kxf6 36. Ke2 {[%emt 0:00:02] Black must now prevent Kd3.} b4 $1 37. axb4 {[%emt 0:00:09] Kd3 is the strong threat.} Bb5+ 38. Kd2 h6 39. Bg4 g5 40. hxg5+ hxg5 {[%emt 0:00:01] [#]} 41. Be2 (41. f4 $1 $16) 41... Bd7 42. Kd3 Bb5+ 43. Kd2 (43. Kxd4 Bxe2 44. Ke3 Bb5 $19) 43... Bd7 44. Kd3 {[%emt 0:00:26][%cal Od3e4] Threatens to win with Ke4!} Bb5+ $1 45. Ke4 $2 {[%emt 0:00:04][%mdl 40960] Weighted Error Value: White=0.07 (flawless) /Black=0.04 (flawless) .  Loses game:     	White=1     	---        Mistake:       	White=1     	---        Inaccurate:     	White=2     	Black=2      OK:         	White=14    	Black=13     Best:        	White=2     	Black=3      Strong:       	---       	Black=2     . An unexpected result.} (45. Kxd4 $2 {loses.} Bxe2 46. Ke3 Bb5 $19) (45. Kd2 $11 Bd7) 1/2-1/2

[Event "7th Salamanca Festival 2024"]
[Site "Salamanca"]
[Date "2024.05.25"]
[Round "6.1"]
[White "Calzetta Ruiz, Monica"]
[Black "Adams, Michael"]
[Result "1/2-1/2"]
[ECO "C91"]
[WhiteElo "2244"]
[BlackElo "2677"]
[Annotator "TA"]
[PlyCount "97"]
[EventDate "2024.05.18"]
[EventType "tourn"]
[EventCountry "ESP"]
[SourceTitle "playchess.com"]
[Source "ChessBase"]
[SourceQuality "1"]
[TimeControl "2400+5"]

1. e4 e5 2. Nf3 Nc6 3. Bb5 a6 4. Ba4 Nf6 5. O-O Be7 6. Re1 b5 7. Bb3 O-O 8. d4 d6 9. c3 Bg4 10. d5 Na5 11. Bc2 Qc8 12. h3 Bd7 13. Nbd2 c6 14. dxc6 Qxc6 15. Nf1 Rfe8 16. Ng3 Nc4 17. a4 Rac8 18. axb5 axb5 19. b3 Nb6 20. Bd2 Ra8 21. Qe2 Rxa1 22. Rxa1 Ra8 23. Qf1 Ne8 24. Bd3 Nc7 25. Be3 h6 (25... Qxc3 $2 26. Rc1 Qxb3 27. Bxb6 $18 (27. Rxc7 Bd8 $18)) 26. Rxa8+ Nbxa8 27. Qa1 Be6 28. Qa5 Bxb3 29. Nf5 Bf6 30. Qb4 Bc4 (30... Be6 $11 {remains equal.}) 31. Bxc4 $16 (31. Qxd6 Qxd6 32. Nxd6 Bxd3 $19) 31... bxc4 32. Qxd6 {[%emt 0:00:06] White is much more active.} Qxd6 33. Nxd6 Be7 34. Nxc4 Nb5 35. Nfxe5 Nxc3 36. f3 Nc7 37. Kf1 Ne6 38. Nc6 Bg5 39. Bxg5 hxg5 {[%emt 0:00:01][%mdl 4096] Endgame. KNN-KNN} 40. g3 f6 41. Kf2 Nb5 42. Ke3 Kf7 43. Nb6 Nd6 44. f4 ({Better is} 44. Kd3 $16) 44... gxf4+ $11 {[%emt 0:00:03] The position is equal.} 45. gxf4 g5 46. fxg5 Nxg5 47. e5 fxe5 48. Nxe5+ Ke6 49. Nd3 {[%emt 0:01:00] Weighted Error Value: White=0.10 (very precise) /Black=0.11 (very precise) .  Mistake:       	White=1     	Black=1      OK:         	White=10    	Black=11     Best:        	White=1     	Black=1} 1/2-1/2

[Event "7th Salamanca Festival 2024"]
[Site "Salamanca"]
[Date "2024.05.25"]
[Round "6.2"]
[White "Alekseenko, Kirill"]
[Black "Iturrizaga Bonelli, Eduardo"]
[Result "1-0"]
[ECO "B12"]
[WhiteElo "2679"]
[BlackElo "2591"]
[Annotator "RC"]
[PlyCount "111"]
[EventDate "2024.05.18"]
[EventType "tourn"]
[EventCountry "ESP"]
[SourceTitle "playchess.com"]
[Source "ChessBase"]
[SourceQuality "1"]
[TimeControl "2400+5"]

1. e4 c6 2. d4 d5 3. e5 Bf5 4. Nd2 e6 5. Nb3 Nd7 6. Nf3 Qc7 7. Be2 c5 8. c3 h6 9. O-O c4 10. Nbd2 Ne7 11. Ne1 Nc6 12. Nc2 Be7 13. Ne3 Bh7 14. f4 O-O 15. Kh1 b5 16. Bg4 Rae8 17. Bh3 Nb6 18. a3 a5 19. Qh5 Kh8 20. f5 Bg5 21. Nf3 g6 22. fxg6 fxg6 23. Qg4 Bd8 24. Bd2 Qg7 25. Ng1 Bg8 26. Qe2 Na4 27. b3 Rxf1 28. Rxf1 Nb6 29. a4 Na7 30. bxc4 Nxc4 31. Bc1 Nxe3 32. Bxe3 bxa4 33. Qc2 g5 34. Bg4 a3 35. Qa4 Rf8 36. Ra1 Be7 37. Qxa5 Nc6 38. Qa6 Nd8 39. Ne2 Qg6 40. Ng3 Qc2 41. Rxa3 Bxa3 42. Qxa3 Re8 43. h3 Bf7 44. Kh2 Qb1 45. Qa4 Qb7 46. Bf3 Qe7 47. c4 dxc4 48. Ne4 Bg6 49. Nf6 Rf8 50. Qxc4 Kg7 51. Bd2 Qa7 52. Bb4 Rf7 53. Bd6 Qb6 54. Qc8 Qxd4 55. Qxd8 Qf4+ 56. g3 1-0

[Event "7th Salamanca Festival 2024"]
[Site "Salamanca"]
[Date "2024.05.25"]
[Round "6.3"]
[White "Salimova, Nurgyul"]
[Black "Muzychuk, Mariya"]
[Result "1/2-1/2"]
[ECO "D02"]
[WhiteElo "2436"]
[BlackElo "2510"]
[Annotator "TA"]
[PlyCount "146"]
[EventDate "2024.05.18"]
[EventType "tourn"]
[EventCountry "ESP"]
[SourceTitle "playchess.com"]
[Source "ChessBase"]
[SourceQuality "1"]
[TimeControl "2400+5"]

1. d4 d5 2. Nf3 Nf6 3. Bf4 Bf5 4. Nh4 Be4 5. f3 Bg6 6. Nc3 e6 7. Qd2 Nh5 8. Bg5 Be7 9. Bxe7 Qxe7 10. g3 c5 11. dxc5 Qxc5 12. e4 dxe4 13. O-O-O O-O 14. Nxg6 hxg6 15. Nxe4 Qc7 16. Qd6 Qa5 17. Qc5 Qxa2 18. Nc3 Qa1+ 19. Kd2 Rd8+ 20. Bd3 Qa6 21. Ke2 Qb6 22. Bxg6 Nc6 23. Qxb6 axb6 24. Bxh5 Nd4+ 25. Kf2 Nxc2 26. f4 Nb4 27. Be2 Kf8 28. h4 Ke7 29. h5 Nc6 30. Bf3 ({Don't play} 30. Rxd8 Nxd8 31. g4 Nc6) 30... Na5 31. Rxd8 Rxd8 32. Rd1 Rc8 33. Rd4 Rc7 34. Rb4 Nc4 35. Na4 Nd6 36. Rxb6 Rc2+ 37. Ke1 Rc1+ 38. Kd2 Rg1 39. b3 (39. Bxb7 Nc4+ 40. Ke2 Nxb6 41. Nxb6 Rxg3 $16) 39... Rxg3 40. Bxb7 Rh3 41. Nc3 Rxh5 42. Bf3 Rh4 43. Ne2 $1 Rh3 44. Bg2 Rh2 45. Bf3 $2 (45. Bc6 $18) 45... Rf2 $2 (45... Rh3 $1 $11) 46. Ke3 $18 Rf1 47. Ng3 Rb1 48. Be2 g6 49. Kf2 Rb2 50. Rb8 Kf6 51. Ke3 g5 (51... Ke7 $142 52. Bd3 Kd7) 52. fxg5+ Kxg5 53. Bd3 f5 54. Ne2 e5 55. Rb6 $1 f4+ 56. Kf2 Nf5 (56... Nc8 {was necessary.} 57. Rb5 Kf6) 57. Kf3 $1 $18 Nh4+ 58. Ke4 f3 59. Ng3 (59. Nc3 $142) 59... f2 $2 (59... Rg2 {was called for.}) 60. Nf1 (60. Kxe5 Nf3+ 61. Ke4 Rxb3 $16) 60... Kg4 61. Kxe5 Nf3+ 62. Kd5 Nd2 63. Rg6+ Kh4 64. Rh6+ $2 ({Weaker is} 64. Nxd2 Rxd2 65. Ke4 Rxd3 $11) (64. Ke5 $1 $18 {[%cal Re5f4] Intending Kf4 and mate.} Nxf1 65. Kf4 (65. Bxf1 Rb1 $14)) 64... Kg5 {[%emt 0:00:01] [#]} 65. Rg6+ (65. Rh3 $1 $16) 65... Kh4 $18 {[%emt 0:00:03] [#]} 66. Rf6 $2 ({Not} 66. Nxd2 Rxd2 67. Ke4 Rxd3 $11) (66. Ke5 $1 $18 {[%cal Re5f4] White wants to mate with Kf4.} Nxf1 67. Kf4 (67. Bxf1 Rb1 $14)) 66... Rxb3 $11 67. Be2 Nxf1 68. Bxf1 Kg3 69. Rg6+ Kf3 70. Rf6+ Ke3 71. Re6+ Kf3 72. Rf6+ Ke3 73. Re6+ Kf3 1/2-1/2